 Dungeon Crawl Stone Soup version 0.27.0-1-g7a089689b8 (webtiles) character file.

Game seed: 9112899537980230927

807 GordonOverkill the Cutter (level 7, 0/60 (64) HPs)
             Began as a Deep Dwarf Hedge Wizard on Aug 6, 2021.
             Was an Initiate of Makhleb.
             Slain by a wight (10 damage)
             ... on level 6 of the Dungeon.
             The game lasted 00:07:05 (4860 turns).

GordonOverkill the Cutter (Deep Dwarf Hedge Wizard) Turns: 4860, Time: 00:07:06

HP:   0/60 (64)     AC:  6    Str: 16    XL:     7   Next: 60%
MP:   7/7           EV:  9    Int: 14    God:    Makhleb [......]
Gold: 168           SH:  0    Dex: 12    Spells: 10/11 levels left

rFire    . . .     SeeInvis .   d - +2 dagger (elec)
rCold    . . .     Faith    .   (no shield)
rNeg     . . .     Spirit   .   e - +0 scale mail
rPois    .         Reflect  .   c - +0 hat
rElec    .         Harm     .   (no cloak)
rCorr    .         Rampage  .   (no gloves)
Will     +....                  (no boots)
Stlth    +.........             (no amulet)
HPRegen  0.00/turn              (no ring)
MPRegen  0.10/turn              (no ring)

@: drained
A: damage resistance, heal wounds, sense surroundings 1, no regeneration
a: Heal Wounds, Renounce Religion


You were on level 6 of the Dungeon.
You worshipped Makhleb.
Makhleb was noncommittal.
You visited 2 branches of the dungeon, and saw 7 of its levels.

You collected 168 gold pieces.

Inventory:

Hand Weapons
 b - a +0 hand axe
 d - a +2 dagger of electrocution (weapon)
 w - a +2 rapier of holy wrath
Missiles
 f - 20 poisoned darts
Armour
 c - a +0 hat (worn)
 e - a +0 scale mail (worn)
Wands
 p - a wand of digging (11)
Scrolls
 g - 2 scrolls of immolation {unknown}
 h - a scroll of fear {unknown}
 k - 2 scrolls of vulnerability
 m - a scroll of enchant armour {unknown}
 o - a scroll of acquirement {unknown}
 q - a scroll of identify
 r - 2 scrolls of teleportation
 t - a scroll of fog {unknown}
 v - a scroll of amnesia {unknown}
Potions
 a - a potion of cancellation
 i - a potion of heal wounds {unknown}
 j - 4 potions of curing {unknown}
 l - 3 potions of flight {unknown}
 n - a potion of brilliance {unknown}
 s - a potion of berserk rage {unknown}
 u - a potion of haste {unknown}


   Skills:
 + Level 4.0 Fighting
 - Level 6.0 Short Blades
 - Level 2.0 Throwing
 - Level 2.1 Dodging
 - Level 2.4 Stealth
 - Level 2.6 Spellcasting
 - Level 0.8 Conjurations
 - Level 0.8 Summonings
 - Level 1.1 Translocations


You had 10 spell levels left.
You knew the following spells:

 Your Spells              Type           Power      Damage    Failure   Level
a - Magic Dart            Conj           16%        1d3       52%         1

Your spell library contained the following spells:

 Spells                   Type           Power      Damage    Failure   Level
 Blink                    Tloc           N/A        N/A       63%         2
 Call Imp                 Summ           4%         N/A       65%         2
 Slow                     Hex            1%         N/A       77%         2
 Lesser Beckoning         Tloc           2%         N/A       85%         3
 Conjure Flame            Conj/Fire      3%         6-21      91%         3
 Mephitic Cloud           Conj/Pois/Air  2%         N/A       92%         3
 Freezing Cloud           Conj/Ice/Air   1%         6-21      100%        5
 Manifold Assault         Tloc           4%         N/A       100%        5
 Simulacrum               Ice/Necr       0%         N/A       100%        6
 Polar Vortex             Ice            0%         N/A       100%        9


Dungeon Overview and Level Annotations

Branches:
Dungeon (6/15)             Temple (1/1) D:4

Altars:
Ashenzari
Cheibriados
Elyvilon
Fedhas
Gozag
Hepliaklqana
Kikubaaqudgha
Makhleb
Nemelex Xobeh
Qazlal
Ru
Sif Muna
Uskayaw
Vehumet
Wu Jian
Yredelemnul
Zin
The Shining One


Innate Abilities, Weirdness & Mutations

You are resistant to damage.
You can heal yourself by infusing magical energy.
You passively map a small area around you.
You do not regenerate.


Message History

You feel much better.
A sky beast appears from thin air!
Reactivating autopickup.
The sky beast hits you but does no damage.
The wight hits you from afar with a +0 trident.
You feel drained.
You hit the sky beast.
The sky beast is almost dead.
The sky beast hits you but does no damage.
The wight hits you but does no damage.
The wight hits you with a +0 morningstar!
You hit the sky beast.
The sky beast is almost dead.
The sky beast hits you but does no damage.
You hit the sky beast but do no damage.
The sky beast is almost dead.
The wight hits you from afar with a +0 trident.
The wight hits you with a +0 morningstar.
The wight hits you with a +0 flail!
You feel drained.
You barely miss the sky beast.
The sky beast is almost dead.
The sky beast closely misses you. The wight barely misses you.
The wight hits you with a +0 flail!
* * * LOW HITPOINT WARNING * * *
You barely miss the sky beast.
The sky beast is almost dead.
The sky beast flickers out of sight!
Deactivating autopickup; reactivate with Ctrl-A.
Something hits you.
* * * LOW HITPOINT WARNING * * *
Something shocks you.
* * * LOW HITPOINT WARNING * * *
The wight hits you from afar with a +0 trident!
* * * LOW HITPOINT WARNING * * *
You miss something.
The wight hits you with a +0 morningstar!
* * * LOW HITPOINT WARNING * * *
You feel drained.
* * * LOW HITPOINT WARNING * * *
The wight hits you with a +0 flail!
You die...

##.......##
###.........#
##......)...##
*
#.........#..#
.##....##..#
#$.#####.#####
* #.≈#
#..##.## , * *
##{##
##.#...## #@z#
##......## ,*
#)z#
#........##
#z.#
#.........#
*#..#
##........#
...#*
#....<...#
....
#........# *
.... *
#........# , *
......
##.......# , *
,, #.......#


You could see 3 wights.

Vanquished Creatures
  A water moccasin (D:4)
  A hornet zombie (D:5)
  2 ogres
  2 scorpions (D:4)
  A wight (D:6)
  2 hounds (D:5)
  A bullfrog skeleton (D:5)
  4 hound skeletons
  A howler monkey zombie (D:5)
  4 adders
  A shadow imp (D:5)
  An adder skeleton (D:4)
  A worm (D:3)
  2 dart slugs
  5 orcs
  5 ball pythons
  5 bats
  A bat zombie (D:4)
  6 endoplasms
  2 giant cockroaches
  10 goblins
  6 hobgoblins
  6 jackals
  8 kobolds
  A quokka (D:5)
  8 frilled lizards
  5 rats
  A rat zombie (D:4)
93 creatures vanquished.

Notes
Turn   | Place    | Note
-------+----------+-------------------------------------------
     0 | D:1      | GordonOverkill the Deep Dwarf Hedge Wizard began the quest
                  | for the Orb.
     0 | D:1      | Reached XP level 1. HP: 15/15 MP: 4/4
   225 | D:1      | Reached skill level 1 in Fighting
   471 | D:1      | Reached XP level 2. HP: 22/25 MP: 0/5
   624 | D:1      | Found a faded altar of an unknown god.
   773 | D:1      | Reached skill level 1 in Short Blades
  1303 | D:2      | Reached XP level 3. HP: 23/31 MP: 7/7
  1517 | D:2      | Reached skill level 2 in Short Blades
  1517 | D:2      | Reached skill level 1 in Throwing
  1781 | D:2      | Found a basalt altar of Yredelemnul.
  2208 | D:3      | Reached XP level 4. HP: 31/38 MP: 7/7
  2699 | D:4      | Noticed an ogre
  2719 | D:4      | Killed an ogre
  2720 | D:4      | Reached skill level 3 in Short Blades
  2720 | D:4      | Reached XP level 5. HP: 36/44 MP: 7/7
  2845 | D:4      | Reached skill level 4 in Short Blades
  2927 | D:4      | Found a staircase to the Ecumenical Temple.
  2971 | D:4      | Reached XP level 6. HP: 25/51 MP: 8/8
  3153 | D:4      | Noticed a water moccasin
  3165 | D:4      | Killed a water moccasin
  3166 | D:4      | Reached skill level 5 in Short Blades
  3312 | D:4      | Found an ancient bone altar of Kikubaaqudgha.
  3730 | Temple   | Entered the Ecumenical Temple
  3989 | Temple   | Became a worshipper of Makhleb the Destroyer
  4055 | D:5      | Entered Level 5 of the Dungeon
  4055 | D:5      | Found a broken altar of Ashenzari.
  4055 | D:5      | Found a stormy altar of Qazlal.
  4179 | D:5      | Reached XP level 7. HP: 47/60 MP: 9/9
  4274 | D:5      | Reached skill level 6 in Short Blades
  4302 | D:5      | Found a sacrificial altar of Ru.
  4304 | D:5      | Found a radiant altar of Vehumet.
  4305 | D:5      | Found a glowing golden altar of the Shining One.
  4306 | D:5      | Found a hazy altar of Hepliaklqana.
  4306 | D:5      | Found a white marble altar of Elyvilon.
  4536 | D:5      | Identified the +6 hunting sling of Descent {vorpal, rPois
                  | MP+9 Dex+6}
  4860 | D:6      | Slain by a wight

Illustrated notes

Levels and vault maps discovered:
D:1:      dpeg_arrival_stonehenge_8_columns, layout_basic,
          hellmonk_ecumenical_altar_run_dry
D:2:      layout_basic, basic_altar
D:3:      layout_basic, serial_park_tiny_pond
D:4:      minmay_general_purpose_star, layout_basic,
          lemuel_zombie_altar_kikubaaqudgha,
          minmay_temple_entry_statues_pillars, minmay_starry_boxes
D:5:      layout_loops_ring, grunt_temple_overflow_open,
          chequers_temple_overflow_statue_of_worship, st_stairs_1
D:6:      layout_cave_pods, led_xom_imps
Temple:   dpeg_chambers_temple

Skill      XL: |  1  2  3  4  5  6  7 |
---------------+----------------------+-----
Fighting       | 1 2 4 |  4.0
Short Blades   | 1 2 3 4 5 6 |  6.0
Throwing       | 1 2 |  2.0
Dodging        | |  2.1
Stealth        | |  2.4
Spellcasting   | |  2.6
Conjurations   | |  0.8
Summonings     | |  0.8
Translocations | |  1.1

Action                   |  1- 3 |  4- 6 |  7- 9 || total
-------------------------+-------+-------+-------++-------
Melee: Dagger            |   108 |   135 |   113 ||   356
 Cast: Magic Dart        |    25 |       |       ||    25
 Abil: Heal Wounds       |     1 |     9 |     7 ||    17
  Use: Scroll            |     6 |       |       ||     6
Armor: Scale mail        |    58 |    36 |    36 ||   130
Dodge: Dodged            |    45 |    61 |    28 ||   134
